 Dungeon Crawl Stone Soup version 0.24.0-29-g8ce449bc06 (webtiles) character file.

Game seed: 625694223473189608, levelgen mode: deterministic

708 Delamore the Cleaver (level 7, -7/57 HPs)
             Began as a Hill Orc Fighter on Nov 14, 2019.
             Splashed by a jelly's acid (10 damage)
             ... on level 5 of the Dungeon.
             The game lasted 00:07:36 (5047 turns).

Delamore the Cleaver (Hill Orc Fighter)             Turns: 5047, Time: 00:07:37

Health: -7/57      AC:  3    Str: 21    XL:     7   Next: 67%
Magic:  7/7        EV:  8    Int:  8    God:
Gold:   130        SH:  9    Dex: 10    Spells: 6/6 levels left

rFire    . . .     SeeInvis .   a - +0 war axe
rCold    . . .     Gourm    .   c - +0 shield
rNeg     . . .     Faith    .   k - +0 ring mail {rPois}
rPois    +         Spirit   .   (no helmet)
rElec    .         Reflect  .   (no cloak)
rCorr    .         Harm     .   (no gloves)
MR       .....                  (no boots)
Stlth    ..........             (no amulet)
HPRegen  0.19/turn              g - ring of flight
MPRegen  0.10/turn              l - +2 ring of protection

@: corroded
A: no striking features
a: Evoke Flight


You were on level 5 of the Dungeon.
You were hungry.

You visited 1 branch of the dungeon, and saw 5 of its levels.

You collected 130 gold pieces.

Inventory:

Hand Weapons
 a - a +0 war axe (weapon)
 d - a +0 battleaxe
Missiles
 q - 8 javelins (quivered)
Armour
 c - a +0 shield (worn)
 k - a +0 ring mail of poison resistance (worn)
Jewellery
 g - a ring of flight (left hand)
 l - a +2 ring of protection (right hand)
Wands
 b - a wand of random effects (15)
Scrolls
 h - a scroll of fog {unknown}
 j - a scroll of blinking {unknown}
 m - a scroll of random uselessness {unknown}
 n - 2 scrolls of fear {unknown}
 o - 3 scrolls of identify {unknown}
 r - 2 scrolls of remove curse {unknown}
 s - a scroll of noise {unknown}
 t - a scroll of teleportation {unknown}
Potions
 e - a potion of haste {unknown}
 i - 2 potions of curing
 p - 3 potions of ambrosia {unknown}
Comestibles
 f - 4 rations


   Skills:
 - Level 3.6 Fighting
 + Level 10.9 Axes
 - Level 3.2 Armour
 - Level 3.2 Shields


You had 6 spell levels left.
You didn't know any spells.
Your spell library contained the following spells:

 Spells                   Type           Power        Failure   Level  Hunger
 Summon Small Mammal      Summ           #...         97%         1    ##.....
 Call Imp                 Summ           #.......     99%         2    ###....
 Call Canine Familiar     Summ           #.......     100%        3    ####...
 Summon Guardian Golem    Hex/Summ       #.......     100%        3    ####...
 Summon Ice Beast         Ice/Summ       #.......     100%        4    #####..
 Summon Lightning Spire   Summ/Air       #.......     100%        4    #####..


Dungeon Overview and Level Annotations

Branches:
Dungeon (5/15)
 Temple: D:4-7

Altars:


Message History

You slash the sky beast!
You kill the sky beast!
You hit the jelly.
Your hands burn!
The jelly is moderately wounded.
The jelly closely misses you.
You hit the jelly.
Your hands burn!
The jelly is moderately wounded.
The jelly hits you.
You are splashed with acid!
* * * LOW HITPOINT WARNING * * *
You hit the jelly.
Your hands burn!
* * * LOW HITPOINT WARNING * * *
The jelly is moderately wounded.
The jelly hits you but does no damage.
You slash the jelly! The acid corrodes you!
Your hands burn!
* * * LOW HITPOINT WARNING * * *
The jelly is almost dead.
The jelly hits you.
* * * LOW HITPOINT WARNING * * *
You are splashed with acid!
You die...

. #.#... ..
#...# ... #..#
#..##.)# ##
#.....##### .###
####.)<...##...#
#..###...# #..#
###.# #....# #@#
#..##.# #.J.#
...# .# ###.#
#.## # ..# ...
.# ..# .# ## #


You could see a jelly.

Vanquished Creatures
  A sky beast (D:5)
  Blork the orc (D:4)
  2 scorpions
  A centaur zombie (D:3)
  A crimson imp (D:4)
  A bullfrog skeleton (D:4)
  An orc priest (D:3)
  Natasha (twice) (D:2)
  A worker ant (D:5)
  4 gnolls
  A howler monkey skeleton (D:4)
  9 adders
  3 oozes (D:3)
  An adder skeleton (D:4)
  6 worms
  3 dart slugs
  2 leopard geckos
  8 orcs
  5 bats (D:2)
  4 giant cockroaches
  10 hobgoblins
  3 jackals (D:4)
  2 quokkas
  A ball python (D:2)
  3 frilled lizards
  9 goblins
  8 kobolds
  7 rats
100 creatures vanquished.

Vanquished Creatures (others)
  5 toadstools (D:1)
5 creatures vanquished.

Grand Total: 105 creatures vanquished

Notes
Turn   | Place    | Note
-------+----------+-------------------------------------------
     0 | D:1      | Delamore the Hill Orc Fighter began the quest for the Orb.
     0 | D:1      | Reached XP level 1. HP: 19/19 MP: 1/1
    68 | D:1      | Reached skill level 3 in Axes
   220 | D:1      | Reached XP level 2. HP: 25/26 MP: 2/2
   318 | D:1      | Reached skill level 4 in Axes
   572 | D:2      | Reached XP level 3. HP: 22/31 MP: 3/3
   880 | D:2      | Reached skill level 5 in Axes
  1309 | D:2      | Noticed Natasha
  1542 | D:2      | Killed Natasha
  1542 | D:2      | Reached XP level 4. HP: 25/39 MP: 4/4
  1660 | D:2      | Reached skill level 6 in Axes
  1744 | D:2      | You fall into a shaft and drop 2 floors!
  2033 | D:3      | Reached XP level 5. HP: 45/45 MP: 5/5
  2082 | D:3      | Reached skill level 7 in Axes
  2447 | D:2      | Noticed Natasha
  2468 | D:2      | Killed Natasha
  2888 | D:3      | Reached skill level 8 in Axes
  2888 | D:3      | Reached XP level 6. HP: 50/51 MP: 6/6
  3477 | D:3      | Reached skill level 9 in Axes
  3964 | D:4      | Reached XP level 7. HP: 53/57 MP: 7/7
  3978 | D:5      | Entered Level 5 of the Dungeon
  4477 | D:5      | Reached skill level 10 in Axes
  4759 | D:5      | Noticed Blork the orc
  4780 | D:4      | Killed Blork the orc
  5047 | D:5      | Splashed by a jelly's acid

Levels and vault maps discovered:
D:1:      ldierk_walled_garden, layout_basic
D:2:      layout_loops_ring, uniq_natasha
D:3:      layout_basic, chequers_serial_rivers_micro_c
D:4:      layout_cave_pools, first_ration
D:5:      layout_rooms, serial_shops, nicolae_shop_crystal, uniq_duvessa,
          uniq_grinder, uniq_blork_the_orc

Skill      XL: |  1  2  3  4  5  6  7 |
---------------+----------------------+-----
Axes           | 3 4 5 6 8 9 10 | 10.9
Fighting       | |  3.6
Armour         | |  3.2
Shields        | |  3.2

Action                   |  1- 3 |  4- 6 |  7- 9 || total
-------------------------+-------+-------+-------++-------
Melee: Hand axe          |   105 |   261 |   108 ||   474
       War axe           |     9 |       |    36 ||    45
Throw: Javelin           |       |     6 |       ||     6
  Use: Potion            |     1 |       |     2 ||     3
  Eat: Chunk             |     1 |     7 |     5 ||    13
Armor: Scale mail        |    39 |    47 |       ||    86
       Ring mail         |       |    44 |    38 ||    82
Dodge: Dodged            |    19 |    86 |    41 ||   146
Block: Shield            |    40 |   114 |    44 ||   198
